 Dungeon Crawl Stone Soup version 0.26-a0-812-g31a745ddcd (webtiles) character file.

Game seed: 13588413678950322285

61 Azzok the Skirmisher (level 3, -3/29 HPs)
             Began as a Demonspawn Berserker on Nov 16, 2020.
             Was a Believer of Trog.
             Slain by a kobold (4 damage)
             ... on level 2 of the Dungeon.
             The game lasted 00:02:12 (1614 turns).

Azzok the Skirmisher (Demonspawn Berserker)         Turns: 1614, Time: 00:02:13

Health: -3/29      AC:  6    Str: 18    XL:     3   Next: 83%
Magic:  3/3        EV: 11    Int:  8    God:    Trog [**....]
Gold:   56         SH:  0    Dex: 12    Spells: 2/2 levels left

rFire    + . .     SeeInvis .   f - +0 hand axe
rCold    + . .     Faith    .   (no shield)
rNeg     . . .     Spirit   .   c - +0 ring mail (curse)
rPois    +         Reflect  .   e - +0 helmet
rElec    +         Harm     .   (no cloak)
rCorr    +         Rampage  .   (no gloves)
MR       .....                  (no boots)
Stlth    +.........             (no amulet)
HPRegen  0.09/turn              (no ring)
MPRegen  0.08/turn              (no ring)

@: lethally poisoned (-3 -> -9), resistant
A: claws 1
a: Berserk, Trog's Hand, Renounce Religion


You were on level 2 of the Dungeon.
You worshipped Trog.
Trog was pleased with you.
You visited 1 branch of the dungeon, and saw 2 of its levels.

You collected 56 gold pieces.

Inventory:

Hand Weapons
 a - a +0 short sword
 f - a +0 hand axe (weapon)
Armour
 b - a +0 animal skin
 c - a cursed +0 ring mail (worn)
 e - a +0 helmet (worn)
Scrolls
 d - 2 scrolls of remove curse {unknown}
 g - 2 scrolls of magic mapping {unknown}
 h - a scroll of identify {unknown}
 j - a scroll of enchant weapon {unknown}


   Skills:
 - Level 3.2 Fighting
 - Level 3.1 Short Blades
 + Level 2.1 Axes
 - Level 2.0 Armour
 - Level 2.0 Dodging


You had 2 spell levels left.
You didn't know any spells.
Your spell library was empty.

Dungeon Overview and Level Annotations

Branches:
Dungeon (2/15)

Altars:


Innate Abilities, Weirdness & Mutations

You have sharp fingernails.


Message History

* * * LOW HITPOINT WARNING * * *
You feel sick.
* * * LOW HITPOINT WARNING * * *
You feel sick.
* * * LOW HITPOINT WARNING * * *
You feel sick.
A kobold comes into view.
* * * LOW HITPOINT WARNING * * *
You feel sick.
The kobold shouts!
* * * LOW HITPOINT WARNING * * *
You feel sick.
* * * LOW HITPOINT WARNING * * *
You feel sick.
* * * LOW HITPOINT WARNING * * *
You feel sick.
* * * LOW HITPOINT WARNING * * *
You feel sick. The kobold hits you.
You die...

▒▒▒▒▒ ▒▒▒▒▒···▒
·▒▒▒▒▒▒▒▒▒▒▒·····▒·▒
▒·······†····▒▒▒···▒
▒▒▒▒···▒▒▒▒▒▒ ▒▒·▒▒
▒·····▒ ▒·▒ ▒▒···▒▒
▒▒·▒▒▒▒▒ ▒▒@▒▒
▒······· ▒K▒
▒····▒▒▒ ▒·▒ ▒····▒
▒ ▒'▒ ▒▒·▒·▒▒▒ ···
▒······ ··· ▒▒▒▒·▒▒▒
··· ▒▒·▒▒·▒ ·····
▒▒▒▒···▒·▒▒▒
╬···········


You could see a kobold.

Vanquished Creatures
  2 adders (D:2)
  An ooze (D:1)
  A worm (D:2)
  A leopard gecko (D:1)
  5 hobgoblins
  8 jackals (D:1)
  2 kobolds
  5 bats
  4 frilled lizards
  2 goblins
  A rat (D:1)
32 creatures vanquished.

Notes
Turn   | Place    | Note
-------+----------+-------------------------------------------
     0 | D:1      | Azzok the Demonspawn Berserker began the quest for the Orb.
     0 | D:1      | Reached XP level 1. HP: 18/18 MP: 1/1
   368 | D:1      | Gained mutation: You have sharp fingernails. [demonic
                  | ancestry]
   368 | D:1      | Reached XP level 2. HP: 20/24 MP: 2/2
   880 | D:1      | Reached ** piety under Trog
  1014 | D:1      | Reached XP level 3. HP: 28/29 MP: 3/3
  1113 | D:2      | Reached skill level 1 in Axes
  1613 | D:2      | HP: 1/29 [poisoned by an adder]
  1614 | D:2      | Slain by a kobold

Illustrated notes

Levels and vault maps discovered:
D:1:      mrwooster_arrival_arrow, layout_loops_cross, patterned_corridor
D:2:      mumra_celtic_spiral_tile, layout_loops_corners,
          grunt_temple_overflow_order_and_chaos_1, uniq_crazy_yiuf_cottage

Skill      XL: |  1  2  3 |
---------------+----------+-----
Short Blades   | 3 |  3.1
Dodging        | 2 |  2.0
Armour         | 2 |  2.0
Axes           | 2 |  2.1
Fighting       | |  3.2

Action                   || total
-------------------------++-------
Melee: Short sword       ||    98
       Hand axe          ||    60
Invok: Berserk           ||     2
  Use: Potion            ||     1
Armor: Animal skin       ||     5
       Ring mail         ||    52
Dodge: Dodged            ||   109

Table legend: (Time is in decaauts)
 A = Elapsed time spent in this place.
 B = Non-inter-level travel time spent in this place.
 C = Inter-level travel time spent in this place.
 D = Time resting spent in this place.
 E = Time spent auto-exploring this place.
 F = Levels seen in this place.
 G = Mean time per level.
                   A        B        C        D        E       F      G
               +--------+--------+--------+--------+--------+-----+--------+
         Total |   1639 |   1619 |     20 |     79 |   1211 |   2 |  819.5 |
       Dungeon |   1639 |   1619 |     20 |     79 |   1211 |   2 |  819.5 |
               +--------+--------+--------+--------+--------+-----+--------+

Top non-repeatable levels by time:
     D:1: 1051 daAuts
     D:2: 588 daAuts
